 Dungeon Crawl Stone Soup version 0.23.2-33-g5129a83184 (webtiles) character file.

Game seed: 11831019296651386922

58 funkygono the Conjurer (level 3, 0/26 HPs)
             Began as a Draconian Conjurer on July 3, 2019.
             Slain by a jackal (2 damage)
             ... on level 3 of the Dungeon.
             The game lasted 00:03:25 (1135 turns).

funkygono the Conjurer (Draconian Conjurer)         Turns: 1135, Time: 00:03:26

Health: 0/26       AC:  7    Str:  9 (10) XL:     3   Next: 76%
Magic:  2/6        EV: 12    Int: 14 (16) God:
Gold:   46         SH:  0    Dex: 10 (11) Spells: 3/6 levels left

rFire    . . .     SeeInvis .   a - +0 short sword
rCold    . . .     Gourm    .   (no shield)
rNeg     . . .     Faith    .   (armour unavailable)
rPois    .         Spirit   .   (helmet restricted)
rElec    .         Reflect  .   (no cloak)
rCorr    .         Harm     .   d - +1 pair of gloves
MR       .....                  (no boots)
Stlth    ++........             (no amulet)
HPRegen  0.08/turn              (no ring)
MPRegen  0.10/turn              (no ring)

@: very slightly contaminated, hasted, very quick
A: unfitting armour, cold-blooded, AC +5
a: no special abilities


You were on level 3 of the Dungeon.
You were hungry.

You visited 1 branch of the dungeon, and saw 3 of its levels.

You collected 46 gold pieces.

Inventory:

Hand Weapons
 a - a +0 short sword (weapon)
 l - a +0 hunting sling
Armour
 d - a +1 pair of gloves (worn)
Potions
 i - a potion of haste
Comestibles
 b - 4 rations
 g - 2 chunks of flesh


   Skills:
 + Level 0.1 Fighting
 + Level 0.1 Short Blades
 + Level 2.1 Dodging
 + Level 2.1 Stealth
 + Level 2.3 Spellcasting
 + Level 4.8 Conjurations


You had 3 spell levels left.
You knew the following spells:

 Your Spells              Type           Power        Failure   Level  Hunger
a - Magic Dart            Conj           ###.         3%          1    #......
b - Searing Ray           Conj           ###...       4%          2    ###....

Your spell library contained the following spells:

 Spells                   Type           Power        Failure   Level  Hunger
 Dazzling Spray           Conj/Hex       #.....       26%         3    ###....
 Iskenderun's Mystic Bla  Conj           ###.....     30%         4    #####..
 Force Lance              Conj/Tloc      #.......     63%         4    #####..
 Fulminant Prism          Conj/Hex       #.........   63%         4    #####..


Dungeon Overview and Level Annotations

Branches:
Dungeon (2/15)

Altars:


Innate Abilities, Weirdness & Mutations

Your plain brown scales are hard. (AC +5)
You cannot fit into any form of body armour.
You are cold-blooded and may be slowed by cold attacks.


Message History

The giant cockroach bites you but does no damage.
The jackal closely misses you. The orc barely misses you.
You closely miss the jackal.
The jackal is lightly wounded.
The giant cockroach barely misses you. The jackal bites you.
* * * LOW HITPOINT WARNING * * *
You hit the jackal.
Your tail-slap misses the jackal.
The jackal is heavily wounded.
The jackal closely misses you. The giant cockroach closely misses you.
The orc barely misses you.
You hit the jackal.
You kill the jackal!
The giant cockroach closely misses you. The jackal bites you.
* * * LOW HITPOINT WARNING * * *
You see here a hobgoblin corpse.
You hit the jackal.
Your tail-slap misses the jackal.
The jackal is heavily wounded.
The jackal bites you.
You die...

#
#......###....#
#
#.###.........#
# #.#
######....# #
#.# ##.#.# #
#(# ...#.# #
#.# ###.#o# #
#.# #.#.# #
##.## #s# #
#...# #@# #
#.#.# #h#
###.#.# #h#
hr..#.% ..#
.####### ..# ..
##.# ### #.#
#.#


You could see an orc, 2 jackals and a giant cockroach.

Vanquished Creatures
  2 gnolls (D:3)
  A leopard gecko (D:3)
  A giant cockroach (D:2)
  6 goblins (D:1)
  7 hobgoblins
  8 jackals
  2 kobolds (D:1)
  A frilled lizard (D:3)
  5 rats (D:1)
33 creatures vanquished.

Notes
Turn   | Place    | Note
-------+----------+-------------------------------------------
     0 | D:1      | funkygono the Draconian Conjurer began the quest for the
                  | Orb.
     0 | D:1      | Reached XP level 1. HP: 14/14 MP: 3/3
   259 | D:1      | Reached XP level 2. HP: 20/20 MP: 3/5
   863 | D:1      | Learned a level 2 spell: Searing Ray
   998 | D:2      | You fall through a shaft!
  1005 | D:3      | Reached XP level 3. HP: 26/26 MP: 1/6
  1135 | D:3      | Slain by a jackal

Skill      XL: |  1  2  3 |
---------------+----------+-----
Stealth        | 2 |  2.1
Dodging        | 2 |  2.1
Fighting       | |  0.1
Short Blades   | |  0.1
Spellcasting   | |  2.3
Conjurations   | |  4.8

Action                   || total
-------------------------++-------
Melee: Short sword       ||    46
       Tailslap          ||     3
 Cast: Magic Dart        ||    33
       Searing Ray       ||     4
  Use: Scroll            ||     5
       Potion            ||     7
 Stab: Invisible         ||     2
  Eat: Chunk             ||     1
Armor: Skin              ||    30
Dodge: Dodged            ||    91
